Workbook

Sheet ESTUDIO DE MERCADO
A1: ALCALDÍA DE VALLEDUPAR
A2: SECRETARÍA GENERAL
A4: CARACTERIZACIÓN DE LA SITUACIÓN DE CONSUMO DE SUSTANCIAS PSICOACTIVAS EN POBLACIÓN GENERAL EN EL MUNICIPIO DE VALLEDUPAR
A5: ESTUDIO DE MERCADO
A6: ITEMS | B6: DESCRIPCIÓN | C6: UNIDAD | D6: CANT. COTIZADA | E6: CANT. REQUERIDA | F6: FUNDACION SOCIAL CRECIENDO | H6: FUNDACION CULBOX | J6: FUNDACION PRODESARROLLO SOCIAL Y AMBIENTAL | L6: MÍNIMO | M6: PROMEDIO | N6: MÁXIMO
F7: NIT: 825001160-8 | H7: NIT 900274726-9 | J7: NIT 825001021-2 | Q7: =#REF! -> #REF! | T7: =L6 -> MÍNIMO | V7: =N6 -> MÁXIMO
F8: VALOR UNITARIO IVA INCLUIDO | G8: VALOR TOTAL IVA INCLUIDO | H8: VALOR UNITARIO IVA INCLUIDO | I8: VALOR TOTAL IVA INCLUIDO | J8: VALOR UNITARIO IVA INCLUIDO | K8: VALOR TOTAL IVA INCLUIDO | P8: =#REF! -> #REF! | Q8: =#REF! -> #REF! | T8: =L20 -> 30757800 | V8: =N20 -> 36185000
A10: 1 | B10: Coordinador General: Profesional universitario del área salud o social o ingenierías con más de 10 años de experiencia a partir de la expedición de la tarjeta profesional, en proyectos sociales o comunitarios o salud mental. (1 profesional) | C10: Mes | D10: 1 | E10: 1 | F10: 4500000 | G10: =F10*E10 -> 4500000 | H10: 5700000 | I10: =H10*E10 -> 5700000 | J10: 5250000 | K10: =J10*E10 -> 5250000 | L10: =MIN(K10,I10,G10) -> 4500000 | M10: =AVERAGE(K10,I10,G10) -> 5150000 | N10: =MAX(K10,I10,G10) -> 5700000
A11: 2 | B11: Coordinador de grupo de encuestadores: Profesional universitario del área salud o social o administración con más de 3 años de experiencia a partir de la expedición de la tarjeta profesional, con experiencia certificada en tres proyectos con coordinación de personal. (2 profesionales). | C11: Mes | D11: 1 | E11: 1 | F11: 3000000 | G11: =F11*E11 -> 3000000 | H11: 3425000 | I11: =H11*E11 -> 3425000 | J11: 3500000 | K11: =J11*E11 -> 3500000 | L11: =MIN(K11,I11,G11) -> 3000000 | M11: =AVERAGE(K11,I11,G11) -> 3308333.3 | N11: =MAX(K11,I11,G11) -> 3500000
A12: 3 | B12: Equipo de Gestores de Campo / Encuestadores: Personal técnico o tecnólogo de apoyo operativo para la aplicación presencial en territorio de los formularios estructurados de caracterización de consumo de SPA. (20 personas). | C12: Mes | D12: 1 | E12: 1 | F12: 2000000 | G12: =F12*E12 -> 2000000 | H12: 2210000 | I12: =H12*E12 -> 2210000 | J12: 2000000 | K12: =J12*E12 -> 2000000 | L12: =MIN(K12,I12,G12) -> 2000000 | M12: =AVERAGE(K12,I12,G12) -> 2070000 | N12: =MAX(K12,I12,G12) -> 2210000
A13: 4 | B13: Equipo Técnico de Procesamiento y Consolidación Estadística: Técnicos, tecnólogos o profesionales en sistemas o estadística para la estructuración de bases de datos, control de consistencia de la información y soporte analítico. (3 personas) | C13: Mes | D13: 1 | E13: 1 | F13: 2500000 | G13: =F13*E13 -> 2500000 | H13: 3000000 | I13: =H13*E13 -> 3000000 | J13: 3200000 | K13: =J13*E13 -> 3200000 | L13: =MIN(K13,I13,G13) -> 2500000 | M13: =AVERAGE(K13,I13,G13) -> 2900000 | N13: =MAX(K13,I13,G13) -> 3200000
A14: 5 | B14: Profesional Experto en Diseño: Profesional universitario con experiencia en diseño de encuestas: diseño de muestra, diseño de formulario, ficha técnica, metodología de implementación, entrenamiento a encuestadores y prueba piloto.(1 profesional) | C14: Mes | D14: 1 | E14: 1 | F14: 2848000 | G14: =F14*E14 -> 2848000 | H14: 3550000 | I14: =H14*E14 -> 3550000 | J14: 3200000 | K14: =J14*E14 -> 3200000 | L14: =MIN(K14,I14,G14) -> 2848000 | M14: =AVERAGE(K14,I14,G14) -> 3199333.3 | N14: =MAX(K14,I14,G14) -> 3550000
A15: 6 | B15: Alquiler de Aula Técnica: Espacio dotado con sillas, mesas, ayudas audiovisuales y conectividad para el entrenamiento y estandarización de los encuestadores. | C15: Jornada | D15: 1 | E15: 1 | F15: 1300000 | G15: =F15*E15 -> 1300000 | H15: 1900000 | I15: =H15*E15 -> 1900000 | J15: 1500000 | K15: =J15*E15 -> 1500000 | L15: =MIN(K15,I15,G15) -> 1300000 | M15: =AVERAGE(K15,I15,G15) -> 1566666.7 | N15: =MAX(K15,I15,G15) -> 1900000
A16: 7 | B16: Kits de Herramientas de Campo: manual técnico de codificación de variables y estandarización metodológica en campo, Papelería técnica, protocolos y escalas estandarizadas de tamizaje de consumo de SPA, planilleros, formularios impresos y tableros de apoyo. | C16: Kit | D16: 1 | E16: 1 | F16: 175000 | G16: =F16*E16 -> 175000 | H16: 200000 | I16: =H16*E16 -> 200000 | J16: 182000 | K16: =J16*E16 -> 182000 | L16: =MIN(K16,I16,G16) -> 175000 | M16: =AVERAGE(K16,I16,G16) -> 185666.67 | N16: =MAX(K16,I16,G16) -> 200000
A17: 8 | B17: Mesa Técnica de Transferencia del Conocimiento y Línea Base:: Auditorio con mesas, sillas y dotación audiovisual para 100 personas, para la socialización de la línea base epidemiológica a la comunidad educativa y actores del SGSSS. Documento clave con analisis y resumen. | C17: Jornada | D17: 1 | E17: 1 | F17: 3500000 | G17: =F17*E17 -> 3500000 | H17: 4500000 | I17: =H17*E17 -> 4500000 | J17: 4200000 | K17: =J17*E17 -> 4200000 | L17: =MIN(K17,I17,G17) -> 3500000 | M17: =AVERAGE(K17,I17,G17) -> 4066666.7 | N17: =MAX(K17,I17,G17) -> 4500000
A18: 9 | B18: Soporte de Movilidad y Dispersión Operativa Urbana: Alquiler de vehículo tipo camioneta doble cabina 4x4 con platón, a disponibilidad mensual, para el traslado seguro del talento humano, material de campo e insumos técnicos. | C18: Mes | D18: 1 | E18: 1 | F18: 7700000 | G18: =F18*E18 -> 7700000 | H18: 8200000 | I18: =H18*E18 -> 8200000 | J18: 8000000 | K18: =J18*E18 -> 8000000 | L18: =MIN(K18,I18,G18) -> 7700000 | M18: =AVERAGE(K18,I18,G18) -> 7966666.7 | N18: =MAX(K18,I18,G18) -> 8200000
A19: 10 | B19: Procesamiento Técnico, Digitalización y Custodia Documental de la Información: Servicio especializado para la migración digital de encuestas, control de calidad lógico de datos, almacenamiento estructurado y organización indexada de la evidencia para el soporte del archivo institucional. | C19: Unidad | D19: 1 | E19: 1 | F19: 3234800 | G19: =F19*E19 -> 3234800 | H19: 3500000 | I19: =H19*E19 -> 3500000 | J19: 3650000 | K19: =J19*E19 -> 3650000 | L19: =MIN(K19,I19,G19) -> 3234800 | M19: =AVERAGE(K19,I19,G19) -> 3461600 | N19: =MAX(K19,I19,G19) -> 3650000
A20: TOTAL CON IVA INCLUIDO | G20: =SUM(G10:G19) -> 30757800 | I20: =SUM(I10:I19) -> 36185000 | K20: =SUM(K10:K19) -> 34682000 | L20: =SUM(L10:L19) -> 30757800 | M20: =AVERAGE(K20,I20,G20) -> 33874933 | N20: =MAX(K20,I20,G20) -> 36185000
B21: Se deja constancia expresa que los valores unitarios y el presupuesto oficial del presente estudio de mercado INCLUYEN EL IMPUESTO AL VALOR AGREGADO (IVA) a la tarifa general del 19%.
A25: GUIDO ANDRÉS CASTILLA GONZÁLEZ
A26: Secretario General
A27: Proyectó:
L28: Revisó:
A29: Luis Rodrigo Aroca Martínez
A30: Contratistas Equipo Económico Sec. Gral. | L30: David Gómez Munera / Gustavo Frías Orcasita
L31: Contratistas Sec. Gral.
P48: =#REF! -> #REF! | Q48: =#REF! -> #REF! | R48: =#REF! -> #REF!
P49: =#REF! -> #REF! | Q49: =#REF! -> #REF! | R49: =#REF! -> #REF!
P53: =L6 -> MÍNIMO | Q53: =M6 -> PROMEDIO | R53: =N6 -> MÁXIMO
P54: =L20 -> 30757800 | Q54: =M20 -> 33874933 | R54: =N20 -> 36185000

Sheet PRESUPUESTO
A1: ALCALDÍA DE VALLEDUPAR
A2: SECRETARÍA GENERAL
A4: CARACTERIZACIÓN DE LA SITUACIÓN DE CONSUMO DE SUSTANCIAS PSICOACTIVAS EN POBLACIÓN GENERAL EN EL MUNICIPIO DE VALLEDUPAR
A5: PRESUPUESTO
A6: ITEMS | B6: DESCRIPCIÓN | C6: UNIDAD | D6: CANT. COTIZADA | E6: CANT. REQUERIDA | F6: MENOR PRECIO COTIZADO | G6: TOTAL PRESUPUESTO
A10: ='ESTUDIO DE MERCADO'!A10 -> 1 | B10: ='ESTUDIO DE MERCADO'!B10 -> Coordinador General: Profesional universitario del área salud o social o ingenierías con más de 10 años de experiencia a partir de la expedición de la tarjeta profesional, en proyectos sociales o comunitarios o salud mental. (1 profesional) | C10: ='ESTUDIO DE MERCADO'!C10 -> Mes | D10: ='ESTUDIO DE MERCADO'!D10 -> 1 | E10: 2 | F10: ='ESTUDIO DE MERCADO'!L10 -> 4500000 | G10: =D10*E10*F10 -> 9000000
A11: ='ESTUDIO DE MERCADO'!A11 -> 2 | B11: ='ESTUDIO DE MERCADO'!B11 -> Coordinador de grupo de encuestadores: Profesional universitario del área salud o social o administración con más de 3 años de experiencia a partir de la expedición de la tarjeta profesional, con experiencia certificada en tres proyectos con coordinación de personal. (2 profesionales). | C11: ='ESTUDIO DE MERCADO'!C11 -> Mes | D11: 2 | E11: 2 | F11: ='ESTUDIO DE MERCADO'!L11 -> 3000000 | G11: =D11*E11*F11 -> 12000000
A12: ='ESTUDIO DE MERCADO'!A12 -> 3 | B12: ='ESTUDIO DE MERCADO'!B12 -> Equipo de Gestores de Campo / Encuestadores: Personal técnico o tecnólogo de apoyo operativo para la aplicación presencial en territorio de los formularios estructurados de caracterización de consumo de SPA. (20 personas). | C12: ='ESTUDIO DE MERCADO'!C12 -> Mes | D12: ='ESTUDIO DE MERCADO'!D12 -> 1 | E12: 20 | F12: ='ESTUDIO DE MERCADO'!L12 -> 2000000 | G12: =D12*E12*F12 -> 40000000
A13: ='ESTUDIO DE MERCADO'!A13 -> 4 | B13: ='ESTUDIO DE MERCADO'!B13 -> Equipo Técnico de Procesamiento y Consolidación Estadística: Técnicos, tecnólogos o profesionales en sistemas o estadística para la estructuración de bases de datos, control de consistencia de la información y soporte analítico. (3 personas) | C13: ='ESTUDIO DE MERCADO'!C13 -> Mes | D13: ='ESTUDIO DE MERCADO'!D13 -> 1 | E13: 3 | F13: ='ESTUDIO DE MERCADO'!L13 -> 2500000 | G13: =D13*E13*F13 -> 7500000
A14: ='ESTUDIO DE MERCADO'!A14 -> 5 | B14: ='ESTUDIO DE MERCADO'!B14 -> Profesional Experto en Diseño: Profesional universitario con experiencia en diseño de encuestas: diseño de muestra, diseño de formulario, ficha técnica, metodología de implementación, entrenamiento a encuestadores y prueba piloto.(1 profesional) | C14: ='ESTUDIO DE MERCADO'!C14 -> Mes | D14: ='ESTUDIO DE MERCADO'!D14 -> 1 | E14: ='ESTUDIO DE MERCADO'!E14 -> 1 | F14: ='ESTUDIO DE MERCADO'!L14 -> 2848000 | G14: =D14*E14*F14 -> 2848000
A15: ='ESTUDIO DE MERCADO'!A15 -> 6 | B15: ='ESTUDIO DE MERCADO'!B15 -> Alquiler de Aula Técnica: Espacio dotado con sillas, mesas, ayudas audiovisuales y conectividad para el entrenamiento y estandarización de los encuestadores. | C15: ='ESTUDIO DE MERCADO'!C15 -> Jornada | D15: ='ESTUDIO DE MERCADO'!D15 -> 1 | E15: 2 | F15: ='ESTUDIO DE MERCADO'!L15 -> 1300000 | G15: =D15*E15*F15 -> 2600000
A16: ='ESTUDIO DE MERCADO'!A16 -> 7 | B16: ='ESTUDIO DE MERCADO'!B16 -> Kits de Herramientas de Campo: manual técnico de codificación de variables y estandarización metodológica en campo, Papelería técnica, protocolos y escalas estandarizadas de tamizaje de consumo de SPA, planilleros, formularios impresos y tableros de apoyo. | C16: ='ESTUDIO DE MERCADO'!C16 -> Kit | D16: ='ESTUDIO DE MERCADO'!D16 -> 1 | E16: 20 | F16: ='ESTUDIO DE MERCADO'!L16 -> 175000 | G16: =D16*E16*F16 -> 3500000
A17: ='ESTUDIO DE MERCADO'!A17 -> 8 | B17: ='ESTUDIO DE MERCADO'!B17 -> Mesa Técnica de Transferencia del Conocimiento y Línea Base:: Auditorio con mesas, sillas y dotación audiovisual para 100 personas, para la socialización de la línea base epidemiológica a la comunidad educativa y actores del SGSSS. Documento clave con analisis y resumen. | C17: ='ESTUDIO DE MERCADO'!C17 -> Jornada | D17: ='ESTUDIO DE MERCADO'!D17 -> 1 | E17: ='ESTUDIO DE MERCADO'!E17 -> 1 | F17: ='ESTUDIO DE MERCADO'!L17 -> 3500000 | G17: =D17*E17*F17 -> 3500000
A18: ='ESTUDIO DE MERCADO'!A18 -> 9 | B18: ='ESTUDIO DE MERCADO'!B18 -> Soporte de Movilidad y Dispersión Operativa Urbana: Alquiler de vehículo tipo camioneta doble cabina 4x4 con platón, a disponibilidad mensual, para el traslado seguro del talento humano, material de campo e insumos técnicos. | C18: ='ESTUDIO DE MERCADO'!C18 -> Mes | D18: ='ESTUDIO DE MERCADO'!D18 -> 1 | E18: ='ESTUDIO DE MERCADO'!E18 -> 1 | F18: ='ESTUDIO DE MERCADO'!L18 -> 7700000 | G18: =D18*E18*F18 -> 7700000
A19: ='ESTUDIO DE MERCADO'!A19 -> 10 | B19: ='ESTUDIO DE MERCADO'!B19 -> Procesamiento Técnico, Digitalización y Custodia Documental de la Información: Servicio especializado para la migración digital de encuestas, control de calidad lógico de datos, almacenamiento estructurado y organización indexada de la evidencia para el soporte del archivo institucional. | C19: ='ESTUDIO DE MERCADO'!C19 -> Unidad | D19: ='ESTUDIO DE MERCADO'!D19 -> 1 | E19: ='ESTUDIO DE MERCADO'!E19 -> 1 | F19: ='ESTUDIO DE MERCADO'!L19 -> 3234800 | G19: =D19*E19*F19 -> 3234800
A20: TOTAL GENERAL PRESUPUESTO | G20: =SUM(G10:G19) -> 91882800
A22: Se deja constancia expresa que los valores unitarios y el presupuesto oficial del presente estudio de mercado INCLUYEN EL IMPUESTO AL VALOR AGREGADO (IVA) a la tarifa general del 19%.
A25: GUIDO ANDRÉS CASTILLA GONZÁLEZ
A26: Secretario General
A28: Proyectó: | F28: Revisó:
A30: Hector Medina | F30: yerli Anaya / Pedro Gutierrez
A31: Contratistas Equipo Económico Sec. Gral. | F31: =A31 -> Contratistas Equipo Económico Sec. Gral.
